 Dungeon Crawl Stone Soup version 0.20-a0-270-g8e735b6 (webtiles) character file.

22884 Leibowitz the Cleaver (level 12, -4/102 HPs)
             Began as a Demigod Gladiator on Dec 10, 2016.
             Slain by a stone giant (11 damage)
             ... on level 1 of the Orcish Mines.
             The game lasted 00:48:21 (16085 turns).

Leibowitz the Cleaver (Demigod Gladiator)          Turns: 16085, Time: 00:48:22

Health: -4/102     AC: 25    Str: 26    XL:     12   Next: 34%
Magic:  15/15      EV: 10    Int: 12    God:
Gold:   1283       SH:  0    Dex: 23    Spells: 11/11 levels left

rFire  + + .     SeeInvis +     a - +0 battleaxe
rCold  + + .     Gourm    +     s - +2 plate armour {rF+}
rNeg   . . .     Faith    .     (shield currently unavailable)
rPois  .         Spirit   .     c - +0 helmet
rElec  .         Reflect  .     M - +0 cloak
rCorr  +         Harm     .     X - +2 pair of gloves of Raquel {*Contam rC+ rCorr Dex+7}
MR     ++...                    x - +2 pair of boots
Stlth  ..........               Q - amulet of the gourmand
                                z - ring of protection from fire
                                q - ring of Rococh {Ice Slay+3 SInv}

@: no status effects
A: deterioration 1, fire resistance 1, high mp 1, magic resistance 1
a: no special abilities


You were on level 1 of the Orcish Mines.
You were completely stuffed.

You visited 3 branches of the dungeon, and saw 14 of its levels.
You also visited: Ossuary and Ice Cave.

You collected 1703 gold pieces.
You spent 420 gold pieces at shops.

Inventory:

Hand Weapons
 a - a +0 battleaxe (weapon)
 J - a cursed +4 mace of freezing
Missiles
 d - 3 throwing nets (quivered)
Armour
 c - a +0 helmet (worn)
 s - a +2 plate armour of fire resistance (worn)
 x - a +2 pair of boots (worn)
 G - the +1 ring mail of Defiance {rC+ Int+4}
   (You found it on level 6 of the Dungeon)

   It affects your intelligence (+4).
   It protects you from cold.
 I - the +0 pair of gloves of Creativity {rF- rC++}
   (You bought it in a shop on level 7 of the Dungeon)

   It makes you vulnerable to fire.
   It greatly protects you from cold.
 M - a +0 cloak (worn)
 X - the +2 pair of gloves of Raquel (worn) {*Contam rC+ rCorr Dex+7}
   (You found it on level 10 of the Dungeon)

   It affects your dexterity (+7).
   It protects you from cold.
   It causes magical contamination when unequipped.
   It protects you from acid and corrosion.
Jewellery
 h - an uncursed amulet of magic regeneration
 j - an uncursed ring of fire
 q - the ring of Rococh (left hand) {Ice Slay+3 SInv}
   (You found it in an ice cave)

   [ring of ice]

   It enhances your ice magic.
   It affects your accuracy and damage with ranged weapons and melee attacks
   (+3).
   It makes you vulnerable to fire.
   It protects you from cold.
   It lets you see invisible.
 z - a ring of protection from fire (right hand)
 Q - an amulet of the gourmand (around neck)
Wands
 K - a wand of flame (25/48)
 R - a wand of acid (4/15)
 U - a wand of flame (19/48)
 V - a wand of acid (7/15)
Scrolls
 e - 4 scrolls of remove curse
 i - a scroll of blinking
 l - 4 scrolls of fog
 n - a scroll of amnesia
 o - 3 scrolls of teleportation
 S - a scroll of enchant armour
 W - 2 scrolls of fear
Potions
 b - a potion of heal wounds
 k - a potion of resistance
 r - 2 potions of might
 t - a potion of flight
 u - a potion of curing
 v - 3 potions of invisibility
 B - 3 potions of cancellation
 C - 2 potions of brilliance
 F - a potion of agility
 H - a potion of berserk rage
 N - 3 potions of lignification
 O - a potion of ambrosia {unknown}
 P - 2 potions of haste {unknown}
 T - a potion of magic {unknown}
Comestibles
 f - 9 bread rations
 g - 5 beef jerkies
 m - 3 royal jellies
 p - 9 slices of pizza
 y - 2 meat rations


   Skills:
 + Level 8.3 Fighting
 + Level 14.0 Axes
 + Level 1.6(9.5) Maces & Flails
 + Level 2.3 Throwing
 * Level 9.4 Armour
 + Level 4.3 Dodging
 + Level 4.0 Stealth


You had 11 spell levels left.
You didn't know any spells.

Dungeon Overview and Level Annotations

Branches:
Dungeon (10/15)            Temple (0/1) D:6            Lair (2/6) D:9
    Orc (2/2) D:10
  Swamp: Lair:2-4    Shoals: Lair:2-4     Snake: Lair:2-4    Spider: Lair:2-4
    Elf: Orc:2

Shops:
D:5 (   D:7 *   D:8 ?((=   D:9 %

Portals:
Trove: D:10 (give +2 gold dragon scales)


Innate Abilities, Weirdness & Mutations

You have an increased reservoir of magic. (+10% MP)
Your body sometimes deteriorates upon taking damage.
Your flesh is heat resistant. (rF+)
You are resistant to hostile enchantments. (MR+)


Message History

The stone giant is moderately wounded.
The stone giant barely misses you.
You hit the stone giant.
The stone giant is moderately wounded.
The stone giant hits you!!
* * * LOW HITPOINT WARNING * * *
You hit the stone giant.
The stone giant is moderately wounded.
The stone giant barely misses you.
You hit the stone giant.
The stone giant is moderately wounded.
The stone giant hits you!
* * * LOW HITPOINT WARNING * * *
You slice the stone giant!!
The stone giant is heavily wounded.
The stone giant hits you but does no damage.
You hit the stone giant but do no damage.
The stone giant is heavily wounded.
The stone giant hits you!
You die...

#**####......#....#..,,#
..##.#.......#....###..#*
..................#.#...*
........................*
...##...)..#........#..#*
,.,*###.........$......#
*,***#..#..#...........#*
,,,*#......##..(....#...*
,,**##.....##...@##....#*
,** ##.#.##....C......#
** ######...#.##.#.##
#.......**### ##.#.#.##
####### *** ****,**
**,*,,,*


You could see a stone giant.

Vanquished Creatures
  The ghost of vogonpoet the Covert, a journeyman FoEn of Ashenzari (Orc:2)
  2 ice dragons (IceCv)
  An unseen horror (D:6)
  An orc knight (Orc:2)
  2 hill giants (D:10)
  Pikel (D:6)
  4 black mambas
  Joseph (D:7)
  2 ice statues (IceCv)
  A molten gargoyle (Lair:2)
  A komodo dragon (Lair:1)
  3 rime drakes
  A troll (Orc:2)
  6 two-headed ogres
  3 hippogriffs
  Sigmund (D:6)
  A vampire (D:10)
  A spriggan (D:9)
  A wyvern (D:10)
  6 yaks (Lair:1)
  2 hungry ghosts
  A warg (Orc:2)
  3 water moccasins
  2 hell hounds (D:9)
  4 porcupines
  An eye of draining (D:10)
  14 orc warriors
  27 ice beasts
  A sky beast (D:7)
  2 phantoms
  A necrophage (D:9)
  10 wolves (Lair:1)
  5 ogres
  5 centaurs
  5 crocodiles
  2 big kobolds
  3 elf zombies (Ossuary)
  Blork the orc (D:4)
  8 bullfrogs
  A scorpion (D:6)
  8 wights
  5 killer bees (D:10)
  The ghost of Tyryt0 the Ducker, a weakling DgGl (D:3)
  2 howler monkeys
  6 crimson imps
  2 centaur zombies
  A human zombie (Ossuary)
  A bullfrog zombie (D:6)
  11 hounds
  3 jellies
  A centaur skeleton (D:4)
  12 orc priests
  12 orc wizards
  3 bullfrog skeletons
  Terence (D:2)
  3 iguanas
  10 worker ants
  A big kobold zombie (Ossuary)
  A hound zombie (D:8)
  2 hound skeletons
  2 mummies (Ossuary)
  2 worker ant zombies
  3 gnolls
  15 adders
  2 adder skeletons
  5 worms
  2 dart slugs
  7 leopard geckos
  77 orcs
  5 giant cockroaches
  5 goblins
  4 hobgoblins
  11 jackals
  13 kobolds
  3 quokkas
  2 ball pythons
  6 bats
  6 frilled lizards
  2 goblin zombies (Ossuary)
  12 hobgoblin zombies (Ossuary)
  12 kobold zombies (Ossuary)
  A leopard gecko zombie (D:6)
  5 orc zombies (Ossuary)
  A quokka skeleton (D:6)
  A quokka zombie (D:7)
  9 rats
  A spectral orc (D:8)
438 creatures vanquished.

Vanquished Creatures (others)
  A slave (D:6)
  An orc (Orc:1)
  A rat (D:1)
  A fire vortex (Lair:2)
  A fungus (Lair:1)
  A plant (Lair:1)
6 creatures vanquished.

Grand Total: 444 creatures vanquished

Notes
Turn   | Place    | Note
-------+----------+-------------------------------------------
     0 | D:1      | Leibowitz the Demigod Gladiator began the quest for the Orb.
     0 | D:1      | Reached XP level 1. HP: 17/17 MP: 3/3
   281 | D:1      | Reached XP level 2. HP: 24/24 MP: 4/4
   554 | D:2      | Noticed Terence
   577 | D:2      | Killed Terence
   577 | D:2      | Reached skill level 3 in Axes
   577 | D:2      | Reached skill level 1 in Armour
   577 | D:2      | Reached XP level 3. HP: 12/29 MP: 5/5
  1331 | D:3      | Reached XP level 4. HP: 33/36 MP: 6/6
  1393 | D:3      | Reached skill level 4 in Axes
  1420 | D:3      | Noticed Tyryt0's ghost (weakling DgGl)
  1429 | D:3      | Killed Tyryt0's ghost
  1429 | D:3      | Reached XP level 5. HP: 25/42 MP: 7/7
  1856 | D:3      | Found a hazy altar of Hepliaklqana.
  1859 | D:3      | Found an iron altar of Okawaru.
  1873 | D:3      | Found a shimmering altar of Xom.
  1875 | D:3      | Found a sparkling altar of Nemelex Xobeh.
  1875 | D:3      | Found a shattered altar of Ashenzari.
  1878 | D:3      | Found a glowing silver altar of Zin.
  1885 | D:3      | Found a white marble altar of Elyvilon.
  2075 | D:5      | Entered Level 5 of the Dungeon
  2192 | D:4      | Noticed Blork the orc
  2202 | D:4      | Killed Blork the orc
  2202 | D:4      | Reached skill level 5 in Axes
  2202 | D:4      | Reached XP level 6. HP: 25/51 MP: 8/8
  2570 | D:4      | Found a sand-covered staircase.
  2579 | Ossuary  | Entered an ossuary
  2737 | Ossuary  | Reached XP level 7. HP: 40/58 MP: 9/9
  2740 | Ossuary  | Reached skill level 6 in Axes
  3627 | D:4      | Reached skill level 7 in Axes
  3663 | D:4      | Gained mutation: You are resistant to hostile enchantments. (MR+) [potion of mutation]
  3663 | D:4      | Gained mutation: Your body sometimes deteriorates upon taking damage. [potion of mutation]
  3663 | D:4      | Gained mutation: Your flesh is heat resistant. (rF+) [potion of mutation]
  4194 | D:5      | Found Miurydoc's Antique Weapon Emporium.
  4563 | D:5      | Found a sacrificial altar of Ru.
  4618 | D:5      | Reached skill level 1 in Stealth
  4678 | D:5      | Found a deep blue altar of Sif Muna.
  5048 | D:6      | Reached XP level 8. HP: 60/66 MP: 10/10
  5052 | D:6      | Found a staircase to the Ecumenical Temple.
  5237 | D:6      | Noticed an unseen horror
  5256 | D:6      | Killed an unseen horror
  5256 | D:6      | Reached skill level 8 in Axes
  5435 | D:6      | Found a sacrificial altar of Ru.
  5449 | D:6      | Noticed Pikel
  5468 | D:6      | Killed Pikel
  5468 | D:6      | Reached skill level 9 in Axes
  5468 | D:6      | Reached XP level 9. HP: 60/73 MP: 11/11
  5529 | D:6      | Reached skill level 5 in Fighting
  5848 | D:6      | Found a burning altar of Makhleb.
  5910 | D:6      | Got a distressingly furry ring mail
  5921 | D:6      | Identified the +1 ring mail of Defiance {rC+ Int+4} (You found it on level 6 of the Dungeon)
  6039 | D:6      | Noticed Sigmund
  6047 | D:6      | Killed Sigmund
  6200 | D:7      | Reached skill level 1 in Maces & Flails
  6259 | D:7      | Reached skill level 5 in Armour
  6285 | D:7      | Noticed Joseph
  6304 | D:7      | Killed Joseph
  6304 | D:7      | Reached skill level 10 in Axes
  6538 | D:7      | Found Nesarph's Assorted Antiques.
  6543 | D:7      | Bought a pair of shimmering gloves for 323 gold pieces
  6553 | D:7      | Identified the cursed +0 pair of gloves of Creativity {rF- rC++} (You bought it in a shop on level 7 of the Dungeon)
  7214 | D:8      | Found a basalt altar of Yredelemnul.
  7580 | D:8      | Found Bigulo's Jewellery Shop.
  7593 | D:8      | Bought a cursed amulet of inaccuracy for 30 gold pieces
  7593 | D:8      | Bought a cursed ring of teleportation for 67 gold pieces
  7619 | D:8      | Reached XP level 10. HP: 82/83 MP: 13/13
  7638 | D:8      | Found Aloel's Magic Scroll Shoppe.
  7643 | D:8      | Found Qaschya's Antique Weapon Shop.
  7887 | D:8      | Found a sacrificial altar of Ru.
  8012 | D:8      | Found Cesaf's Antique Weapon Shoppe.
  8708 | D:9      | Found a shadowy altar of Dithmenos.
  8824 | D:9      | Found a staircase to the Lair.
  8861 | D:9      | Reached skill level 11 in Axes
  8973 | D:9      | Found Ragyuqupom's Food Emporium.
  9465 | Lair:1   | Entered Level 1 of the Lair of Beasts
  9473 | Lair:1   | Noticed a black mamba
  9479 | Lair:1   | Killed a black mamba
  9695 | Lair:1   | Noticed a black mamba
  9714 | Lair:1   | Killed a black mamba
 10066 | Lair:1   | Noticed a black mamba
 10081 | Lair:1   | Killed a black mamba
 10672 | Lair:1   | Reached skill level 12 in Axes
 11001 | Lair:1   | Reached XP level 11. HP: 48/91 MP: 14/14
 12589 | D:10     | Entered Level 10 of the Dungeon
 12612 | D:10     | Got a pair of crude gloves
 12623 | D:10     | Identified the +2 pair of gloves of Raquel {*Contam rC+ rCorr Dex+7} (You found it on level 10 of the Dungeon)
 12932 | D:10     | Noticed a hill giant
 12940 | D:10     | Killed a hill giant
 13047 | D:10     | Identified Dalusseni's Almanac of Clay and Snow
 13047 | D:10     | Noticed a hill giant
 13054 | D:10     | Killed a hill giant
 13253 | D:10     | Found a staircase to the Orcish Mines.
 13272 | D:10     | Found a shimmering altar of Xom.
 13602 | D:10     | Found a portal to a secret trove of treasure.
 13775 | Orc:1    | Entered Level 1 of the Orcish Mines
 13809 | Orc:2    | Entered Level 2 of the Orcish Mines
 13830 | Orc:2    | Noticed vogonpoet's ghost (journeyman FoEn)
 13868 | Orc:2    | Killed vogonpoet's ghost
 13868 | Orc:2    | Reached skill level 13 in Axes
 14199 | Orc:1    | Found a frozen archway.
 14219 | Orc:1    | HP: 3/94 [ice beast (14)]
 14248 | IceCv    | Entered an ice cave
 14567 | IceCv    | Reached XP level 12. HP: 101/101 MP: 15/15
 14812 | IceCv    | Noticed an ice dragon
 14816 | IceCv    | Noticed an ice dragon
 14822 | IceCv    | Killed an ice dragon
 14830 | IceCv    | Killed an ice dragon
 14868 | IceCv    | Got a coiled marble ring
 14885 | IceCv    | Identified the ring of Rococh {Ice Slay+3 SInv} (You found it in an ice cave)
 15806 | Orc:2    | Reached skill level 14 in Axes
 16075 | Orc:1    | Noticed a stone giant
 16085 | Orc:1    | Slain by a stone giant

Vault maps used:
D:1:      sevenhm_arrival_forest_fort_small_6
D:2:      uniq_terence
D:3:      minitemple, first_bread, grunt_decor_arrowhead
D:4:      lightli_ossuary_entry_decrepit_ruins, uniq_blork_the_orc
D:5:      nicolae_overflow_crystal_walls, serial_shops,
          nicolae_shop_overgrown_old_shop, st_stairs_14,
          nicolae_ru_path_of_blood
D:6:      makhleb_grotto_becter, basic_altar, uniq_pikel, uniq_sigmund
D:7:      serial_shops, kennysheep_little_box, uniq_joseph
D:8:      overflow_temple_1_default, yredelemnul_forgotten_temple_becter,
          serial_shops, nicolae_shop_statue_plus, shop,
          nicolae_shop_overgrown_old_shop, nicolae_shop_statue_plus
D:9:      minmay_lair_entry_lava, serial_shops, shop, basic_altar,
          grunt_pizzeria
D:10:     minmay_ornate_pinched, basic_altar, enter_trove_3
Lair:1:   minivault_19
Lair:2:   minivault_11, serial_bayou_shore_a, infiniplex_staircase_pool_2
Orc:1:    portal_ice_cave_entry_ice_beasts
Orc:2:    pubby_orc_utopia
Ossuary:  ossuary_tomb_1
IceCv:    ice_cave_small_dragons

Skill      XL: |  1  2  3  4  5  6  7  8  9 10 11 12 |
---------------+-------------------------------------+-----
Fighting       | 2 3 4 5 6 8 |  8.3
Throwing       | 2 |  2.3
Dodging        | 3 4 |  4.3
Axes           | 3 4 5 7 9 10 12 13 14 | 14.0
Armour         | 1 2 3 4 5 6 8 9 |  9.4
Stealth        | 1 2 3 4 |  4.0
Maces & Flails | 1 |  1.6

Action                   |  1- 3 |  4- 6 |  7- 9 | 10-12 || total
-------------------------+-------+-------+-------+-------++-------
Melee: War axe           |    91 |   201 |   427 |   532 ||  1251
       Whip              |       |       |    61 |       ||    61
       Battleaxe         |       |       |       |   272 ||   272
Throw: Throwing net      |       |       |     6 |     2 ||     8
Evoke: Wand              |       |       |       |     3 ||     3
  Use: Potion            |       |     2 |     4 |     8 ||    14
       Scroll            |       |       |    15 |     7 ||    22
 Stab: Sleeping          |     2 |       |       |     1 ||     3
       Held in net/web   |       |       |     2 |     5 ||     7
       Invisible         |       |       |       |    19 ||    19
  Eat: Chunk             |     1 |     4 |    17 |    46 ||    68
       Pizza             |       |     1 |       |       ||     1
       Beef jerky        |       |       |     1 |       ||     1
Armor: Leather armour    |    14 |       |       |       ||    14
       Chain mail        |    26 |   126 |   277 |       ||   429
       Plate armour      |       |       |     4 |   409 ||   413
       Ring mail         |       |       |       |    53 ||    53
Dodge: Dodged            |    63 |   100 |   236 |   369 ||   768
Block: Shield            |     8 |       |       |       ||     8
